 Dungeon Crawl Stone Soup version 0.28.0 (webtiles) character file.

Game seed: 12033232638018612606

140 AmazingTV the Bolt Thrower (level 5, -7/45 HPs)
             Began as a Minotaur Hunter on July 3, 2022.
             Mangled by an ice beast (10 damage)
             ... on level 3 of the Dungeon.
             The game lasted 00:06:47 (2643 turns).

AmazingTV the Bolt Thrower (Minotaur Hunter)        Turns: 2643, Time: 00:06:48

Health: -7/45      AC:  3    Str: 19    XL:     5   Next: 2%
Magic:  4/4        EV: 11    Int:  8    God:
Gold:   82         SH:  0    Dex: 10    Spells: 4/4 levels left

rFire   . . .      SeeInvis .   t - +0 battleaxe (elec) {axe}
rCold   . . .      Faith    .   (shield currently unavailable)
rNeg    . . .      Spirit   .   c - +0 leather armour
rPois   .          Reflect  .   (helmet restricted)
rElec   .          Harm     .   (no cloak)
rCorr   .          Rampage  .   (no gloves)
Will    .....                   (no boots)
Stlth   +.........              (no amulet)
HPRegen 0.15/turn               (no ring)
MPRegen 0.09/turn               (no ring)

@: no status effects
A: horns 2, retaliatory headbutt
a: no special abilities


You were on level 3 of the Dungeon.
You visited 1 branch of the dungeon, and saw 3 of its levels.

You collected 82 gold pieces.


Innate Abilities, Weirdness & Mutations

You have a pair of horns on your head.
You reflexively headbutt those who attack you in melee.


   Skills:
 + Level 3.5 Fighting
 + Level 2.2 Maces & Flails
 + Level 5.0 Crossbows
 + Level 2.2 Armour
 - Level 2.1 Dodging
 - Level 0.7 Stealth
 + Level 2.4 Shields


You had 4 spell levels left.
You didn't know any spells.
Your spell library contained the following spells:

 Spells                   Type           Power      Damage    Failure   Level
 Slow                     Hex            0%         N/A       45%         1
 Confusing Touch          Hex            0%         N/A       83%         3
 Vampiric Draining        Necr           0%         2d6       83%         3

Inventory:

Hand Weapons
 a - a +1 hand crossbow {crossbow}
 b - a +0 short sword {short}
 l - a +2 whip of venom {mace}
   (You took it off a kobold on level 2 of the Dungeon)
 m - a +0 flail {mace}
   (You took it off a gnoll on level 2 of the Dungeon)
 o - a +1 dagger of holy wrath {short}
   (You took it off a goblin on level 2 of the Dungeon)
 t - a +0 battleaxe of electrocution (weapon) {axe}
   (You found it on level 3 of the Dungeon)
Missiles
 d - 10 bolts
 g - 77 stones (quivered)
 p - 6 poisoned darts
Armour
 c - a +0 leather armour (worn)
 s - a +0 cloak
   (You found it on level 3 of the Dungeon)
Jewellery
 k - a +6 ring of dexterity
   (You found it on level 2 of the Dungeon)
Scrolls
 e - a scroll of identify {unknown}
 h - a scroll of holy word {unknown}
 i - a scroll of teleportation {unknown}
 j - 3 scrolls of torment {unknown}
 n - a scroll of fear {unknown}
 r - a scroll of enchant armour {unknown}
Potions
 f - a potion of ambrosia {unknown}
 q - a potion of might {unknown}

Dungeon Overview and Level Annotations

Branches:
Dungeon (3/15)

Altars:

Shops:
D:1

: ≈.##.##.###'###.###+###...###.#
≈.......# #.# #.# #....>#.#
§.......# #.# #.# #.#.#.#.#
≈..####.# #.. +.+ #.#.#.#.# ≈.##
#.# ### #...#.#.# ... #.#
#.#.#.#.# ≈#.#
#.#######+#######...#.#.#
≈#..###...................#.#.###
§......Y........@................
≈....## #.####Y#.#####.###.#####
≈....##.##.####.#.#####.###.#
.....##.....................#
......####.####<#.#####.#####
......(.##.####'### #.#
.#.##..###.##.....# #.#
######.###.##.....# #.#
#.#.#...##.##...#'#####.#


You could see an ice beast.


Message History

A jelly comes into view.
The jelly quivers.
a - a +1 hand crossbow (weapon)
{crossbow} You shoot a bolt.
The bolt hits the jelly!
You shoot a bolt. The bolt hits the jelly!
You kill the jelly!
Your Armour skill increases to level 2!
b - a +0 short sword (weapon)
{short}
d - 12 bolts (gained 1)
d - 13 bolts (gained 1)
p - 6 poisoned darts (gained 3)
g - 77 stones (gained 13)
Found a stone staircase leading down.
An adder comes into view.
a - a +1 hand crossbow (weapon)
{crossbow} You shoot a bolt.
The bolt misses the adder.
You shoot a bolt. The bolt closely misses the adder.
You shoot a bolt. The bolt hits the adder!
You kill the adder!
Your Crossbows skill increases to level 5!
You have reached level 5! 😎 HP[+7] MP[+1]
You now have 45 max hp (+7).
Your hp is fully restored (45).
Your mp is fully restored (4).
d - 11 bolts (gained 1)
You see here an adder corpse.
d - 13 bolts (gained 2)
A kobold comes into view. It is wielding a +0 short sword.
The kobold shouts!
b - a +0 short sword (weapon)
{short} You closely miss the kobold.
The kobold hits you with a +0 short sword. 😕 HP[-3]
You take 3 damage, and now have 42/45 hp.
You barely miss the kobold.
The kobold hits you but does no damage. 😕 HP[+1]
You hit the kobold. Your headbutt misses the kobold.
The kobold hits you but does no damage.
You barely miss the kobold. The kobold hits you but does no damage.
You hit the kobold.
You kill the kobold!
Things that are here:
a +0 short sword {short}; a kobold corpse
r - a scroll labelled PUHY WALUNEO
a - a +1 hand crossbow (weapon)
{crossbow} 😕 HP[+1]
s - a +0 cloak 😎 HP[+1]
Your hp is fully restored (45).
t - a +0 battleaxe of electrocution {axe} An ice beast comes into view.
b - a +0 short sword (weapon)
{short}
a - a +1 hand crossbow (weapon)
{crossbow} You shoot a bolt.
The bolt closely misses the ice beast.
You shoot a bolt. The bolt hits the ice beast.
The ice beast closely misses you.
You shoot a bolt. The bolt hits the ice beast.
The ice beast hits you. The ice beast freezes you. The ice beast hits you.
The ice beast freezes you! 😮 HP[-15]
You take 15 damage, and now have 30/45 hp.
MASSIVE DAMAGE!! (PAUSE) 😮 HP[+1]
You hear the crackle of electricity.
t - a +0 battleaxe of electrocution (weapon)
{axe} You barely miss the ice beast.
You headbutt the ice beast! The ice beast hits you. The ice beast freezes you!
* * * LOW HITPOINT WARNING * * *
The ice beast barely misses you. 😨 HP[-12]
You take 12 damage, and now have 19/45 hp.
MASSIVE DAMAGE!! (PAUSE)
You barely miss the ice beast. Your headbutt misses the ice beast.
The ice beast barely misses you. You furiously retaliate!
You headbutt the ice beast. You hit the ice beast but do no damage.
Your headbutt misses the ice beast.
The ice beast hits you but does no damage.
The ice beast hits you.
* * * LOW HITPOINT WARNING * * *
The ice beast freezes you!
* * * LOW HITPOINT WARNING * * *
😱 HP[-12]
You take 12 damage, and now have 7/45 hp.
MASSIVE DAMAGE!! (PAUSE) 😱 HP[+1] 😱 HP[+1] 😱 HP[+1] 😱 HP[+1] 😨 HP[+1]
You barely miss the ice beast. The ice beast hits you.
* * * LOW HITPOINT WARNING * * *
The ice beast freezes you!
* * * LOW HITPOINT WARNING * * *
The ice beast misses you. 😱 HP[-9]
You take 9 damage, and now have 3/45 hp.
You barely miss the ice beast. You headbutt the ice beast.
The ice beast hits you.
* * * LOW HITPOINT WARNING * * *
The ice beast freezes you!
You die...

Skill      XL: |  1  2  3  4 |
---------------+-------------+-----
Maces & Flails | 1 2 |  2.2
Armour         | 1 2 |  2.2
Shields        | 1 2 |  2.4
Fighting       | 3 |  3.5
Crossbows      | 5 |  5.0
Dodging        | |  2.1
Stealth        | |  0.7

Action                   |  1- 3 |  4- 6 || total
-------------------------+-------+-------++-------
Melee: Short sword       |    46 |    17 ||    63
       Headbutt          |     4 |     4 ||     8
       Punch             |       |     1 ||     1
       Battleaxe         |       |     5 ||     5
 Fire: Hand crossbow     |    16 |    28 ||    44
Armor: Leather armour    |    19 |    12 ||    31
Dodge: Dodged            |    46 |    14 ||    60

Levels and vault maps discovered:
D:1:      shiori_shiawase, layout_basic, serial_shops, nicolae_diamond_shop
D:2:      layout_loops_cross, hellmonk_ecumenical_altar_prayer_group,
          corexii_item_surrounded_by_moat
D:3:      layout_basic, lightli_temple_of_fire, minmay_door_square,
          roderic_serpentine_path, minmay_misc_feat_hallway,
          hangedman_decor_clover_reticule

Notes
Turn   | Place    | Note
-------+----------+-------------------------------------------
     0 | D:1      | AmazingTV the Minotaur Hunter began the quest for the Orb.
     0 | D:1      | Reached XP level 1. HP: 18/18 MP: 0/0
     0 | D:1      | magus.rc [v1.9.6]
    30 | D:1      | Found Gazud's Book Boutique.
   195 | D:1      | Reached XP level 2. HP: 20/25 MP: 1/1
   750 | D:1      | Reached skill level 1 in Maces & Flails
   750 | D:1      | Reached skill level 1 in Armour
   750 | D:1      | Reached skill level 1 in Shields
  1107 | D:2      | Reached XP level 3. HP: 30/30 MP: 2/2
  1126 | D:2      | Reached skill level 3 in Fighting
  1524 | D:2      | Reached XP level 4. HP: 37/38 MP: 3/3
  1689 | D:2      | Found a faded altar of an unknown god.
  1751 | D:2      | Reached skill level 2 in Shields
  1822 | D:2      | You pick up a book of Debilitation and begin reading...
  1822 | D:2      | You add the spells Slow, Vampiric Draining and Confusing
                  | Touch to your library.
  2009 | D:2      | Reached skill level 2 in Maces & Flails
  2429 | D:3      | Reached skill level 2 in Armour
  2502 | D:3      | Reached skill level 5 in Crossbows
  2502 | D:3      | Reached XP level 5. HP: 45/45 MP: 4/4
  2588 | D:3      | Noticed an ice beast
  2610 | D:3      | HP: 7/45 [ice beast (11)]
  2642 | D:3      | HP: 11/45 [ice beast (1)]
  2642 | D:3      | HP: 3/45 [ice beast (8)]
  2643 | D:3      | Mangled by an ice beast

Vanquished Creatures
  A jelly (D:3)
  3 gnolls (D:2)
  3 adders
  2 worms (D:2)
  A dart slug (D:2)
  An endoplasm (D:2)
  3 giant cockroaches
  4 goblins
  3 hobgoblins
  3 jackals (D:1)
  A quokka (D:1)
  2 ball pythons (D:1)
  6 bats
  2 frilled lizards
  5 kobolds
  4 rats
44 creatures vanquished.

Table legend:
 A = Non-vault XP
 B = Vault XP
 C = Vault XP percentage of total XP
 D = Non-vault monster count
 E = Vault monster count
 F = Vault count percentage of total count
                 A         B        C        D         E       F
            +---------+---------+-------+---------+---------+-------
      Total |     195 |       6 |   3.0 |      40 |       4 |   9.1
            +---------+---------+-------+---------+---------+-------
        D:1 |      27 |       0 |   0.0 |      17 |       0 |   0.0
        D:2 |     102 |       6 |   5.6 |      20 |       4 |  16.7
        D:3 |      66 |       0 |   0.0 |       3 |       0 |   0.0
            +---------+---------+-------+---------+---------+-------

Illustrated notes

Table legend:
 A = Kills in this place as a percentage of kills in entire the game.
 B = Kills by you in this place as a percentage of kills by you in the entire game.
 C = Kills by friends in this place as a percentage of kills by friends in the entire game.
 D = Other kills in this place as a percentage of other kills in the entire game.
 E = Experience gained in this place as a percentage of experience gained in the entire game.
 F = Experience gained in this place divided by the number of levels of this place that you have seen.
                   A       B       C       D       E      F
               +-------+-------+-------+-------+-------+----------------------
         Total | 100.0 | 100.0 |   N/A |   N/A | 100.0 |  67.0
       Dungeon | 100.0 | 100.0 |   N/A |   N/A | 100.0 |  67.0
               +-------+-------+-------+-------+-------+----------------------

Table legend: (Time is in decaauts)
 A = Elapsed time spent in this place.
 B = Non-inter-level travel time spent in this place.
 C = Inter-level travel time spent in this place.
 D = Time resting spent in this place.
 E = Time spent auto-exploring this place.
 F = Levels seen in this place.
 G = Mean time per level.
                   A        B        C        D        E       F      G
               +--------+--------+--------+--------+--------+-----+--------+
         Total |   2652 |   2433 |    219 |    195 |   1834 |   3 |  884.0 |
       Dungeon |   2652 |   2433 |    219 |    195 |   1834 |   3 |  884.0 |
               +--------+--------+--------+--------+--------+-----+--------+

Top non-repeatable levels by time:
     D:2: 1245 daAuts
     D:1: 1036 daAuts
     D:3: 369 daAuts
